 Dungeon Crawl Stone Soup version 0.23-a0-690-g0a1fc62 (webtiles) character file.

17734 MalarOregon the Impaler (level 12, -2/96 HPs)
             Began as a Merfolk Gladiator on Jan 11, 2019.
             Was a Priest of Makhleb.
             Slain by an ettin
             ... wielding a +0 dire flail
              (26 damage)
             ... on level 1 of the Orcish Mines.
             The game lasted 00:40:28 (13998 turns).

MalarOregon the Impaler (Merfolk Gladiator)        Turns: 13998, Time: 00:40:28

Health: -2/96      AC: 19    Str: 14    XL:     12   Next: 51%
Magic:  12/12      EV: 28    Int: 12    God:    Makhleb [***...]
Gold:   838        SH:  0    Dex: 23    Spells: 2/11 levels left

rFire    + . .     SeeInvis .   a - +1 halberd (venom)
rCold    . . .     Gourm    .   (shield currently unavailable)
rNeg     . . .     Faith    .   A - +1 chain mail of Filth {Dex+7}
rPois    .         Spirit   .   c - +1 helmet
rElec    .         Reflect  .   T - scarf {cloud immunity}
rCorr    .         Harm     .   K - -2 pair of gloves (curse)
MR       .....                  o - +0 pair of boots
Stlth    ..........             U - amulet "Coevobla" {Acrobat +Inv rF+}
HPRegen  0.26/turn              (no ring)
MPRegen  0.13/turn              p - +5 ring of protection

@: acrobat
A: change form in water, swift swim, stealthy swim
a: Minor Destruction, Lesser Servant of Makhleb, Renounce Religion, Evoke
Invisibility


You were on level 1 of the Orcish Mines.
You worshipped Makhleb.
Makhleb was most pleased with you.
You were not hungry.

You visited 3 branches of the dungeon, and saw 14 of its levels.
You also visited: Ice Cave.

You collected 1376 gold pieces.
You spent 538 gold pieces at shops.

Inventory:

Hand Weapons
 a - a +1 halberd of venom (weapon)
   (You took it off an orc warrior on level 9 of the Dungeon)
 b - a +1 blowgun
   (You took it off a kobold on level 3 of the Dungeon)
 l - the +4 hunting sling of Reason {venom, rPois Dex+5, unknown}
   (You found it on level 11 of the Dungeon)

   It poisons the ammo it fires.
   It affects your dexterity (+5).
   It protects you from poison.
 w - the +4 whip of Jisunymp {flame, +Blink rElec Str+3}
   (You took it off an orc on level 4 of the Dungeon)

   It has been specially enchanted to burn those struck by it, causing extra
   injury to most foes and up to half again as much damage against particularly
   susceptible opponents.
   It affects your strength (+3).
   It insulates you from electricity.
   It lets you blink.
 L - a +0 trident of flaming
Missiles
 s - 4 throwing nets {!f}
 y - 21 poisoned needles
 z - 25 tomahawks (quivered)
 Q - 3 curare-tipped needles {!f}
Armour
 c - a +1 helmet (worn)
 g - +0 ice dragon scales
   (You found it in an ice cave)
 i - the +1 scale mail of Uskayaw's Anger {MR+ Int+3}
   (You took it off an orc on level 4 of the Dungeon)

   It affects your intelligence (+3).
   It affects your resistance to hostile enchantments.
 o - a +0 pair of boots (worn)
   (You found it on level 3 of the Dungeon)
 A - the +1 chain mail of Filth (worn) {Dex+7}
   (You found it on level 6 of the Dungeon)

   It affects your dexterity (+7).
 K - a cursed -2 pair of gloves (worn)
   (You found it on level 9 of the Dungeon)
 T - a scarf of cloud immunity (worn)
   (You found it on level 11 of the Dungeon)
Jewellery
 p - a +5 ring of protection (right hand)
   (You found it on level 6 of the Dungeon)
 M - an uncursed amulet of the gourmand {unknown}
   (You found it on level 10 of the Dungeon)
 S - an uncursed amulet of guardian spirit {unknown}
   (You found it in an ice cave)
 U - the amulet "Coevobla" (around neck) {Acrobat +Inv rF+}
   (You found it in an ice cave)

   [amulet of the acrobat]

   It helps you evade while moving and waiting.
   It protects you from fire.
   It lets you turn invisible.
 V - a +6 ring of dexterity {unknown}
   (You found it in an ice cave)
 W - a +3 ring of strength {unknown}
   (You found it in an ice cave)
 X - an uncursed amulet of the gourmand {unknown}
   (You found it in an ice cave)
 Y - an uncursed ring of fire {unknown}
   (You found it in an ice cave)
Wands
 d - a wand of iceblast (10)
   (You found it on level 5 of the Dungeon)
 t - a wand of flame (33)
   (You found it on level 6 of the Dungeon)
 u - a wand of paralysis (5)
   (You found it on level 9 of the Dungeon)
 v - a wand of digging (5)
   (You found it on level 4 of the Dungeon)
 x - a wand of acid (8)
   (You found it on level 10 of the Dungeon)
Scrolls
 k - 3 scrolls of fog
 q - 5 scrolls of teleportation {@r4}
 r - 3 scrolls of enchant armour
 E - a scroll of amnesia
 F - 5 scrolls of identify {@r1}
 G - a scroll of remove curse {@r2}
 I - a scroll of magic mapping
 R - 2 scrolls of immolation {!r}
Potions
 f - 2 potions of heal wounds {@q2}
 h - a potion of magic
 j - 2 potions of invisibility
 m - 4 potions of curing {@q1}
 B - 2 potions of agility
 C - a potion of cancellation
 D - 2 potions of berserk rage
 H - a potion of haste {@q3}
 J - a potion of brilliance
 N - 3 potions of lignification {!q}
 O - 2 potions of mutation {!q}
 P - a potion of flight {unknown}
Miscellaneous
 Z - a sack of spiders
Comestibles
 e - 25 rations {!d}
 n - 2 chunks of flesh


   Skills:
 + Level 9.5 Fighting
 - Level 16.0 Polearms
 + Level 8.6 Throwing
 + Level 6.2 Armour
 + Level 11.4 Dodging


You had 2 spell levels left.
You knew the following spells:

 Your Spells              Type           Power        Failure   Level  Hunger
d - Tukima's Dance        Hex            #.......     100%        3    ####...
e - Regeneration          Chrm/Necr      #.........   100%        3    ####...
t - Spectral Weapon       Hex/Chrm       #.......     100%        3    ####...

Your spell library contained the following spells:

 Spells                   Type           Power        Failure   Level  Hunger
 Corona                   Hex            #......      99%         1    ##.....
 Infusion                 Chrm           #...         99%         1    ##.....
 Ensorcelled Hibernation  Hex/Ice        #.....       100%        2    ###....
 Shroud of Golubria       Chrm/Tloc      #.........   100%        2    ###....
 Song of Slaying          Chrm           #.......     100%        2    ###....
 Confuse                  Hex            #.......     100%        3    ####...
 Dazzling Spray           Conj/Hex       #.....       100%        3    ####...


Dungeon Overview and Level Annotations

Branches:
Dungeon (11/15)            Temple (1/1) D:7            Lair (0/6) D:11
    Orc (2/2) D:10
    Elf: Orc:2

Altars:
Ashenzari
Cheibriados
Dithmenos
Elyvilon
Fedhas
Gozag
Hepliaklqana
Kikubaaqudgha
Makhleb
Nemelex Xobeh
Okawaru
Qazlal
Ru
Sif Muna
Trog
Uskayaw
Vehumet
Wu Jian
Xom
Yredelemnul
Zin
The Shining One

Shops:
D:5 *   D:6 }   D:10 ?!*:


Message History

You reach to attack!
Your chain mail of Filth prevents you from hitting the ogre.
Attack whom?
Aim: an ogre, wielding a +0 giant spiked club You reach to attack!
You puncture the ogre!
The ogre looks as sick as possible!
You hit the ogre.
The ogre looks as sick as possible!
You kill the ogre!
Makhleb accepts your kill.
An orc priest comes into view. It is wielding a -2 club.
Your +1 halberd of venom stops dripping with poison.
b - a +1 blowgun (weapon)
Firing (i - inventory. (/) - cycle)
y - 26 poisoned needles (quivered)
Aim: an ettin, wielding two +0 dire flails You shoot a poisoned needle.
The poisoned needle barely misses the ettin.
Firing (i - inventory. (/) - cycle)
y - 25 poisoned needles (quivered)
Aim: an ettin, wielding two +0 dire flails You shoot a poisoned needle.
The poisoned needle barely misses the ettin.
Firing (i - inventory. (/) - cycle)
y - 24 poisoned needles (quivered)
Aim: an ettin, wielding two +0 dire flails You shoot a poisoned needle.
The poisoned needle hits the ettin.
The ettin is poisoned.
Firing (i - inventory. (/) - cycle)
y - 23 poisoned needles (quivered)
Aim: an ettin, wielding two +0 dire flails (poisoned)
You shoot a poisoned needle. The poisoned needle hits the ettin!
The ettin looks even sicker.
Firing (i - inventory. (/) - cycle)
y - 22 poisoned needles (quivered)
Aim: an ettin, wielding two +0 dire flails (poisoned)
You shoot a poisoned needle. The poisoned needle hits the ettin!
The ettin looks as sick as possible!
Firing (i - inventory. (/) - cycle)
y - 21 poisoned needles (quivered)
Aim: an orc priest, wielding a -2 club
Okay, then.
Your +1 halberd of venom begins to drip with poison!
a - a +1 halberd of venom (weapon)
The ettin hits you but does no damage.
The ettin hits you with a +0 dire flail!!
You climb upwards.
There is a stone staircase leading down here.
You hit the ettin.
The ettin looks as sick as possible!
You puncture the ettin! The ettin hits you but does no damage.
The ettin barely misses you.
You slash the ettin!
The ettin looks as sick as possible!
The ettin hits you with a +0 dire flail!!
* * * LOW HITPOINT WARNING * * *
The ettin hits you with a +0 dire flail!!
* * * LOW HITPOINT WARNING * * *
The ettin hits you with a +0 dire flail!!
You die...

## ##. ##### #..
###...## ####.
#......# #.#.. ###
###[....# #....
##.###..[)...###....
#..@#...##....##....
##.#C....#.........#
#..>.....#.......##
##..>...#.........#
##..#..##.........#
##...#...#..........
#...#...^...........
##.####......##.#...
### ###...###.....


You could see an ettin.

Vanquished Creatures
  3 ice dragons
  Erica (D:10)
  2 two-headed ogres (D:8)
  An orc high priest (D:10)
  3 orc sorcerers
  2 ice statues (IceCv)
  A gargoyle (D:11)
  A kobold demonologist (D:11)
  2 rime drakes (IceCv)
  A komodo dragon (D:11)
  A troll (Orc:1)
  2 polar bears (D:11)
  Grinder (D:5)
  3 hippogriffs
  3 yaks (D:11)
  A wyvern (D:11)
  A hungry ghost (D:8)
  2 steam dragons
  A water moccasin (D:8)
  8 orc warriors
  17 ice beasts
  A black bear (D:8)
  A necrophage (D:9)
  2 sky beasts
  7 ogres
  A phantom (D:9)
  2 wolves (D:11)
  2 centaurs
  7 big kobolds (D:11)
  10 bullfrogs
  A wyvern skeleton (D:10)
  A scorpion (D:9)
  3 wights (D:8)
  2 howler monkeys (D:4)
  2 centaur zombies
  3 crimson imps
  3 bullfrog zombies
  2 hounds
  14 orc priests
  2 jellies
  11 orc wizards
  3 centaur skeletons
  4 bullfrog skeletons
  Natasha (thrice) (D:3)
  3 iguanas
  10 worker ants
  A hound zombie (D:11)
  2 worker ant zombies
  8 adders
  An ooze (D:1)
  2 adder zombies (D:5)
  An adder skeleton (D:6)
  A worm (D:2)
  7 dart slugs
  8 leopard geckos
  46 orcs
  3 ball pythons
  9 bats
  2 giant cockroaches
  6 goblins
  9 hobgoblins
  12 jackals
  15 kobolds
  A quokka (D:3)
  5 frilled lizards
  9 rats
  2 plants (D:2)
307 creatures vanquished.

Vanquished Creatures (others)
  An orc (Orc:1)
  2 plants (D:11)
3 creatures vanquished.

Grand Total: 310 creatures vanquished

Notes
Turn   | Place    | Note
-------+----------+-------------------------------------------
     0 | D:1      | MalarOregon the Merfolk Gladiator began the quest for the
                  | Orb.
     0 | D:1      | Reached XP level 1. HP: 16/16 MP: 1/1
   147 | D:1      | Reached XP level 2. HP: 20/23 MP: 2/2
   220 | D:1      | Reached skill level 5 in Polearms
   399 | D:1      | Reached XP level 3. HP: 28/28 MP: 3/3
  1161 | D:2      | Reached XP level 4. HP: 32/34 MP: 4/4
  1165 | D:2      | Found an opulent altar of Gozag.
  2394 | D:3      | Reached skill level 6 in Polearms
  2394 | D:3      | Reached skill level 1 in Armour
  2394 | D:3      | Reached XP level 5. HP: 29/41 MP: 5/5
  2711 | D:3      | Reached skill level 5 in Dodging
  2715 | D:3      | Noticed Natasha
  2725 | D:3      | Killed Natasha
  2725 | D:3      | Reached XP level 6. HP: 46/47 MP: 6/6
  3112 | D:3      | Noticed Natasha
  3118 | D:3      | Killed Natasha
  3153 | D:3      | Noticed Natasha
  3162 | D:3      | Killed Natasha
  3162 | D:3      | Reached skill level 7 in Polearms
  3438 | D:4      | Identified the +1 scale mail of Uskayaw's Anger {MR+ Int+3}
  3441 | D:4      | Identified the +4 whip of Jisunymp {flame, +Blink rElec
                  | Str+3}
  3795 | D:4      | Reached XP level 7. HP: 50/53 MP: 7/7
  4012 | D:5      | Entered Level 5 of the Dungeon
  4122 | D:5      | Reached skill level 8 in Polearms
  4141 | D:4      | HP: 2/54 [iguana (9)]
  4983 | D:4      | Reached XP level 8. HP: 53/61 MP: 8/8
  5275 | D:5      | Found Utaff's Assorted Antiques.
  5308 | D:5      | Bought a long gold wand for 88 gold pieces
  5308 | D:5      | Bought a scroll labeled PAUSMO TOPN for 22 gold pieces
  5308 | D:5      | Bought a scroll labeled PAUSMO TOPN for 22 gold pieces
  5308 | D:5      | Bought a scroll labeled PAUSMO TOPN for 22 gold pieces
  5308 | D:5      | Bought a scroll labeled PAUSMO TOPN for 22 gold pieces
  5308 | D:5      | Bought a scroll labeled IHISEENNA for 22 gold pieces
  5319 | D:5      | Reached skill level 9 in Polearms
  5679 | D:6      | Noticed Grinder
  5701 | D:5      | Paralysed by Grinder for 7 turns
  5714 | D:5      | Killed Grinder
  5990 | D:6      | Found Rucah's Gadget Boutique.
  5999 | D:6      | Reached skill level 5 in Fighting
  6069 | D:6      | Reached skill level 10 in Polearms
  6359 | D:6      | Got an ichor-stained chain mail
  6479 | D:6      | Reached XP level 9. HP: 13/68 MP: 9/9
  6709 | D:6      | Found a glowing golden altar of the Shining One.
  6819 | D:7      | Reached skill level 5 in Throwing
  6851 | D:7      | Identified the cursed +1 chain mail of Filth {Dex+7} (You
                  | found it on level 6 of the Dungeon)
  7213 | D:7      | Found a staircase to the Ecumenical Temple.
  7218 | Temple   | Entered the Ecumenical Temple
  7226 | Temple   | Became a worshipper of Makhleb the Destroyer
  7557 | D:7      | Reached skill level 11 in Polearms
  8134 | D:8      | Noticed a two-headed ogre
  8175 | D:8      | Killed a two-headed ogre
  8175 | D:8      | Reached skill level 12 in Polearms
  8175 | D:8      | Reached XP level 10. HP: 50/77 MP: 10/10
  8461 | D:8      | Reached * piety under Makhleb
  8565 | D:8      | Noticed a two-headed ogre
  8579 | D:8      | Killed a two-headed ogre
  8579 | D:8      | Reached skill level 13 in Polearms
  8819 | D:8      | Learned a level 3 spell: Regeneration
  8823 | D:8      | Learned a level 3 spell: Spectral Weapon
  8918 | D:9      | Found an ornate altar of the Wu Jian Council.
  8918 | D:9      | Found a hazy altar of Hepliaklqana.
  9826 | D:10     | Entered Level 10 of the Dungeon
  9884 | D:10     | Learned a level 3 spell: Tukima's Dance
  9884 | D:10     | Found Ulodit's Distillery.
  9889 | D:10     | Found Ziroicvu's Assorted Antiques.
  9892 | D:10     | Bought 2 potions of lignification for 66 gold pieces
  9900 | D:10     | Bought a lumpy yellow potion for 24 gold pieces
  9900 | D:10     | Bought a potion of lignification for 81 gold pieces
  9900 | D:10     | Bought a purple potion for 24 gold pieces
  9900 | D:10     | Bought a sedimented inky potion for 24 gold pieces
  9901 | D:10     | Noticed Erica
  9912 | D:10     | Killed Erica
  9912 | D:10     | Reached XP level 11. HP: 84/84 MP: 11/11
  9966 | D:10     | Found Xaingawain's Book Emporium.
 10045 | D:10     | Reached ** piety under Makhleb
 10062 | D:10     | You fall through a shaft!
 10078 | D:11     | Found a frozen archway.
 10081 | D:11     | Noticed an ice dragon
 10093 | D:11     | Reached skill level 14 in Polearms
 10096 | D:11     | Reached skill level 5 in Armour
 10121 | D:11     | Killed an ice dragon
 10139 | D:11     | Reached skill level 10 in Dodging
 10450 | IceCv    | Entered an ice cave
 11657 | IceCv    | Noticed an ice dragon
 11670 | IceCv    | Killed an ice dragon
 11670 | IceCv    | Reached skill level 15 in Polearms
 11672 | IceCv    | Noticed an ice dragon
 11681 | IceCv    | Killed an ice dragon
 11709 | IceCv    | Got a sparkling steel amulet
 11931 | D:11     | Found a staircase to the Lair.
 11940 | D:11     | Reached XP level 12. HP: 87/94 MP: 12/12
 12071 | D:11     | Got a transparent hunting sling
 12076 | D:11     | Identified the amulet "Coevobla" {Acrobat +Inv rF+} (You
                  | found it in an ice cave)
 12372 | D:11     | Reached *** piety under Makhleb
 12468 | D:10     | Found a staircase to the Orcish Mines.
 12468 | D:10     | Found Welathross's Magic Scroll Shoppe.
 12513 | D:10     | Bought a scroll of identify for 22 gold pieces
 12513 | D:10     | Bought a scroll of identify for 22 gold pieces
 12513 | D:10     | Bought a scroll of identify for 22 gold pieces
 12513 | D:10     | Bought a scroll of identify for 22 gold pieces
 12513 | D:10     | Bought a scroll of remove curse for 33 gold pieces
 12911 | Orc:1    | Entered Level 1 of the Orcish Mines
 13200 | D:10     | Paralysed by an orc sorcerer for 5 turns
 13233 | Orc:1    | Noticed an orc high priest
 13245 | Orc:1    | Paralysed by a chaos spawn for 6 turns
 13557 | D:10     | Reached skill level 16 in Polearms
 13576 | D:10     | Killed an orc high priest
 13979 | Orc:2    | Entered Level 2 of the Orcish Mines
 13980 | Orc:2    | Noticed an ettin
 13998 | Orc:1    | Slain by an ettin

Vault maps used:
D:1:      wheals_arrival_linesprint, serial_glass, glass_columns_b,
          glass_columns_a, glass_columns_c, glass_columns_a,
          palyth_stone_intersect
D:2:      minmay_alternating_diamond,
          nicolae_gozag_cash_rules_everything_around_me, serial_forest,
          infiniplex_forest_3_way, infiniplex_forest_straight_2,
          infiniplex_forest_straight_2, infiniplex_forest_split,
          infiniplex_forest_lined_3, infiniplex_forest_lined_2,
          hangedman_decor_points
D:3:      first_ration, chequers_serial_rivers_small_3, uniq_natasha
D:5:      serial_shops, shop, serial_bayou_crossing
D:6:      nicolae_tso_carved_into_rock, serial_shops, shop, uniq_grinder
D:7:      minmay_temple_entry_overgrown, grunt_ogre_cave
D:9:      gammafunk_temple_overflow_wave, kennysheep_generic_room_16
D:10:     orc_0_dummy, serial_shops, nicolae_shop_overgrown_old_shop,
          shop_scrolls, nicolae_shop_stone, shop_statue, uniq_erica
D:11:     david_lair_shrubbed, special_room,
          portal_ice_cave_entry_animals_and_master
Temple:   eino_narrow_crystal_temple
Orc:2:    kennysheep_orc_mage_school, serial_shops, nicolae_shop_crystal,
          special_room, mines1_david, uniq_snorg
IceCv:    ice_cave_small_dragons

Skill      XL: |  1  2  3  4  5  6  7  8  9 10 11 12 |
---------------+-------------------------------------+-----
Polearms       | 5 6 7 8 10 12 13 15 16 | 16.0
Fighting       | 3 4 5 6 7 8 9 |  9.5
Armour         | 1 2 3 4 5 6 |  6.2
Throwing       | 3 4 6 8 |  8.6
Dodging        | 5 6 7 8 9 10 11 | 11.4

Action                   |  1- 3 |  4- 6 |  7- 9 | 10-12 || total
-------------------------+-------+-------+-------+-------++-------
Melee: Trident           |   100 |   309 |   463 |   158 ||  1030
       Halberd           |       |       |       |   557 ||   557
 Fire: Blowgun           |       |    37 |    51 |    41 ||   129
Throw: Stone             |       |    10 |    26 |       ||    36
       Tomahawk          |       |       |       |    13 ||    13
  Use: Potion            |       |       |     1 |     8 ||     9
       Scroll            |       |       |    13 |    16 ||    29
 Stab: Sleeping          |     1 |       |       |       ||     1
  Eat: Chunk             |     1 |     9 |    10 |    22 ||    42
       Ration            |       |       |     1 |     1 ||     2
Armor: Leather armour    |    15 |       |       |       ||    15
       Ring mail         |       |    72 |    38 |       ||   110
       Scale mail        |       |       |    34 |       ||    34
       Chain mail        |       |       |    80 |   311 ||   391
Dodge: Dodged            |    49 |   163 |   222 |   324 ||   758

Table legend:
 A = Non-vault XP
 B = Vault XP
 C = Vault XP percentage of total XP
 D = Non-vault monster count
 E = Vault monster count
 F = Vault count percentage of total count
                 A         B        C        D         E       F
            +---------+---------+-------+---------+---------+-------
      Total |   14430 |   10905 |  43.0 |     256 |      49 |  16.1
            +---------+---------+-------+---------+---------+-------
        D:1 |      51 |       0 |   0.0 |      21 |       0 |   0.0
        D:2 |      71 |      13 |  15.5 |      27 |       4 |  12.9
        D:3 |     306 |      36 |  10.5 |      43 |       1 |   2.3
        D:4 |     436 |       0 |   0.0 |      23 |       0 |   0.0
        D:5 |     564 |     272 |  32.5 |      16 |       1 |   5.9
        D:6 |     688 |       0 |   0.0 |      19 |       0 |   0.0
        D:7 |     805 |     121 |  13.1 |      11 |       1 |   8.3
        D:8 |    3764 |       0 |   0.0 |      28 |       0 |   0.0
        D:9 |     814 |     253 |  23.7 |      15 |       2 |  11.8
       D:10 |    3504 |     902 |  20.5 |      24 |       1 |   4.0
       D:11 |    1934 |    3867 |  66.7 |      15 |      19 |  55.9
      Orc:1 |    1375 |       0 |   0.0 |      13 |       0 |   0.0
      Orc:2 |     118 |       0 |   0.0 |       1 |       0 |   0.0
      IceCv |       0 |    5441 | 100.0 |       0 |      20 | 100.0
            +---------+---------+-------+---------+---------+-------
